 Dungeon Crawl Stone Soup version 0.27-a0-1232-gc6a4cbde82 (webtiles) character file.

Game seed: 1113448439002010986

2 Goblin1989 the Sneak (level 1, 0/18 HPs)
             Began as a Demonspawn Delver on June 8, 2021.
             Slain by an ufetubus (1 damage)
             ... on level 4 of the Dungeon.
             The game lasted 00:01:23 (61 turns).

Goblin1989 the Sneak (Demonspawn Delver)              Turns: 61, Time: 00:01:25

Health: 0/18       AC:  3    Str: 12    XL:     1   Next: 25%
Magic:  1/1        EV: 11    Int: 11    God:
Gold:   0          SH:  0    Dex: 14    Spells: 0/0 levels left

rFire    . . .     SeeInvis .   a - +0 short sword
rCold    . . .     Faith    .   (no shield)
rNeg     . . .     Spirit   .   b - +0 leather armour
rPois    .         Reflect  .   (no helmet)
rElec    .         Harm     .   (no cloak)
rCorr    .         Rampage  .   (no gloves)
Will     .....                  (no boots)
Stlth    ++........             (no amulet)
HPRegen  0.06/turn              (no ring)
MPRegen  0.07/turn              (no ring)

@: no status effects
A: no striking features
a: no special abilities


You were on level 4 of the Dungeon.
You visited 1 branch of the dungeon, and saw 2 of its levels.

Inventory:

Hand Weapons
 a - a +0 short sword (weapon)
Armour
 b - a +0 leather armour (worn)
Wands
 g - a wand of digging (3) {@v1}
Scrolls
 c - a scroll of fog
 e - a scroll of fear
 M - a scroll of magic mapping
Potions
 f - a potion of haste {@q3,}


   Skills:
 - Level 3.0 Fighting
 * Level 1.9 Short Blades
 - Level 1.7 Dodging
 + Level 4.5 Stealth


You couldn't memorise any spells.
You didn't know any spells.
Your spell library was empty.

Dungeon Overview and Level Annotations

Branches:
Dungeon (5/15)
 Temple: D:4-7

Altars:

Annotations:
D:5 Prince Ribbit


Message History

There is a stone staircase leading down here.
There is a stone staircase leading down here.
Prince Ribbit croaks.
Prince Ribbit blinks!
Prince Ribbit closely misses you.
There is a stone staircase leading up here.
You hit Prince Ribbit but do no damage. Prince Ribbit misses you.
Prince Ribbit barely misses you.
You hit Prince Ribbit but do no damage.
Prince Ribbit blinks!
You climb upwards.
A kobold comes into view. It is wielding a +0 short sword.
There is a stone staircase leading down here.
The kobold shouts!
You hear a shout!
An ufetubus comes into view.
The kobold throws a stone.
The stone hits you.
You take 2 damage, and have 16/18 hp.
The kobold misses you.
You barely miss the kobold.
A hobgoblin comes into view.
The kobold hits you but does no damage.
You hit the kobold.
You kill the kobold!
Things that are here:
a +0 short sword; 4 stones {@Q3}
Found a scroll labelled ACEMIS FUARGH.
Found an escape hatch in the floor.
The hobgoblin hits you.
You take 1 damage, and have 15/18 hp.
You hit the hobgoblin.
The hobgoblin is lightly wounded.
The hobgoblin hits you but does no damage.
You hit the hobgoblin.
The hobgoblin is moderately wounded.
The hobgoblin hits you but does no damage.
You hit the hobgoblin.
The hobgoblin is severely wounded.
The hobgoblin hits you but does no damage.
You barely miss the hobgoblin.
The hobgoblin is heavily wounded.
A giant cockroach comes into view.
The hobgoblin closely misses you.
You hit the hobgoblin.
You kill the hobgoblin!
The ufetubus closely misses you. The ufetubus hits you.
You take 1 damage, and have 15/18 hp.
The ufetubus hits you.
The ufetubus hits you but does no damage.
The ufetubus hits you. x2
You take 5 damage, and have 10/18 hp.
MASSIVE DAMAGE!!
Sorry, you're not good enough to have a special ability.
Sorry, you're not good enough to have a special ability.
Sorry, you're not good enough to have a special ability.
Sorry, you're not good enough to have a special ability.
Sorry, you're not good enough to have a special ability.
You closely miss the ufetubus. The ufetubus barely misses you. x2
You hit the ufetubus.
The ufetubus is moderately wounded.
The ufetubus barely misses you. The ufetubus closely misses you.
The giant cockroach barely misses you.
The ufetubus hits you but does no damage. x2
You barely miss the ufetubus.
The ufetubus is moderately wounded.
The ufetubus closely misses you. The ufetubus barely misses you.
The giant cockroach closely misses you. The ufetubus closely misses you. x2
You closely miss the ufetubus.
The ufetubus is moderately wounded.
The giant cockroach closely misses you. The ufetubus hits you.
The ufetubus closely misses you. The giant cockroach closely misses you.
You take 1 damage, and have 9/18 hp.
You hit the ufetubus.
The ufetubus is almost dead.
The ufetubus hits you.
* * * LOW HITPOINT WARNING * * *
The ufetubus closely misses you. The giant cockroach barely misses you.
The ufetubus hits you but does no damage. x2
You take 3 damage, and have 6/18 hp.
You closely miss the ufetubus.
The ufetubus is almost dead.
The ufetubus closely misses you. x2
The giant cockroach waves its antennae.
The giant cockroach barely misses you.
You miss the ufetubus.
The ufetubus is almost dead.
The ufetubus hits you but does no damage.
The ufetubus hits you.
* * * LOW HITPOINT WARNING * * *
The giant cockroach barely misses you. The ufetubus hits you.
* * * LOW HITPOINT WARNING * * *
The ufetubus misses you.
You take 5 damage, and have 1/18 hp.
MASSIVE DAMAGE!!
You miss the ufetubus.
The ufetubus is almost dead.
The giant cockroach bites you but does no damage.
The ufetubus closely misses you. x2
You hit the ufetubus but do no damage.
The ufetubus is almost dead.
The ufetubus barely misses you. x2
The giant cockroach bites you but does no damage.
The ufetubus hits you.
You die...

......... ...
██......█ ......
██.......██?.....
█..>..█ .......
██.█..████.......
████.██.........
█.)..........
██...B.......
██..@.......
█..5........
█...██.....█
█.█.. █.....
......█ ..█..
██.█.... .█ .
██..>... █
████.██


You could see an ufetubus and a giant cockroach.

Vanquished Creatures
  A hobgoblin (D:4)
  A kobold (D:4)
2 creatures vanquished.

Notes
Turn   | Place    | Note
-------+----------+-------------------------------------------
     0 | D:5      | Goblin1989 the Demonspawn Delver began the quest for the
                  | Orb.
     0 | D:5      | Reached XP level 1. HP: 18/18 MP: 1/1
     5 | D:5      | Noticed Prince Ribbit
    61 | D:4      | Slain by an ufetubus

Illustrated notes

Levels and vault maps discovered:
D:4:      layout_cave_pools, gammafunk_temple_overflow_claw, dk_rats_in_the_wall
D:5:      layout_loops_ring, zin_scriptorium,
          yredelemnul_forgotten_temple_becter,
          minmay_temple_entry_enclosed_plants, corner_web_ring,
          kennysheep_small_square, uniq_prince_ribbit1

Action                   || total
-------------------------++-------
Melee: Short sword       ||    18
Armor: Leather armour    ||    12
Dodge: Dodged            ||    30

Table legend: (Time is in decaauts)
 A = Elapsed time spent in this place.
 B = Non-inter-level travel time spent in this place.
 C = Inter-level travel time spent in this place.
 D = Time resting spent in this place.
 E = Time spent auto-exploring this place.
 F = Levels seen in this place.
 G = Mean time per level.
                   A        B        C        D        E       F      G
               +--------+--------+--------+--------+--------+-----+--------+
         Total |     61 |     61 |      0 |      0 |      0 |   2 |   30.5 |
       Dungeon |     61 |     61 |      0 |      0 |      0 |   2 |   30.5 |
               +--------+--------+--------+--------+--------+-----+--------+

Top non-repeatable levels by time:
     D:5: 39 daAuts
     D:4: 22 daAuts
